 Dungeon Crawl Stone Soup version 0.29.1-15-g9cfb28693d (webtiles) character file.

Game seed: 3705938785751822821

177 GeoRichter the Slasher (level 5, -2/41 HPs)
             Began as a Demonspawn Monk on Mar 20, 2023.
             Killed by nerve-wracking pain
             ... invoked by an orc priest
              (5 damage)
             ... on level 4 of the Dungeon on Mar 24, 2023.
             The game lasted 00:06:20 (4111 turns).

GeoRichter the Slasher (Demonspawn Monk)            Turns: 4111, Time: 00:06:20

Health: -2/41      AC:  6    Str: 12    XL:     5   Next: 30%
Magic:  5/5        EV: 12    Int: 11    God:
Gold:   183        SH:  0    Dex: 17    Spells: 4/4 levels left

rFire   . . .      SeeInvis .   a - +0 falchion
rCold   . . .      Faith    .   (no shield)
rNeg    . . .      Spirit   .   j - +0 ring mail
rPois   .          Reflect  .   (helmet restricted)
rElec   .          Harm     .   (no cloak)
rCorr   .          Rampage  .   e - +0 pair of gloves
Will    .....                   (no boots)
Stlth   ++........              (no amulet)
HPRegen 0.13/turn               (no ring)
MPRegen 0.09/turn               (no ring)

@: no status effects
A: horns 1, sturdy frame 1, demonic magic 1
a: no special abilities


You were on level 4 of the Dungeon.
You visited 1 branch of the dungeon, and saw 4 of its levels.

You collected 183 gold pieces.

Inventory:

Hand Weapons
 a - a +0 falchion (weapon)
Missiles
 d - 6 datura-tipped darts
 m - a poisoned dart (quivered)
Armour
 e - a +0 pair of gloves (worn)
   (You found it on level 1 of the Dungeon)
 j - a +0 ring mail (worn)
   (You took it off a hobgoblin on level 1 of the Dungeon)
Scrolls
 h - 2 scrolls of identify {unknown}
 i - a scroll of torment {unknown}
 k - a scroll of silence {unknown}
 n - a scroll of amnesia {unknown}
Potions
 b - 2 potions of curing {unknown}
 c - a potion of ambrosia
 f - 3 potions of degeneration {unknown}
 g - 3 potions of haste {unknown}
 l - a potion of berserk rage {unknown}
 o - a potion of heal wounds {unknown}
 p - a potion of resistance {unknown}


   Skills:
 + Level 3.0 Fighting
 * Level 5.5 Long Blades
 - Level 2.6 Dodging
 - Level 1.7 Stealth


You had 4 spell levels left.
You didn't know any spells.
Your spell library contained the following spells:

 Spells                   Type           Power      Damage    Failure   Level
 Sublimation of Blood     Necr           0%         N/A       63%         2
 Wereblood                Tmut           0%         N/A       63%         2
 Call Canine Familiar     Summ           0%         N/A       85%         3
 Portal Projectile        Hex/Tloc       0%         N/A       85%         3
 Leda's Liquefaction      Hex/Erth       0%         N/A       99%         4
 Summon Hydra             Summ           0%         N/A       100%        7


Dungeon Overview and Level Annotations

Branches:
Dungeon (4/15) Zot: 19869
 Temple: D:4-7

Altars:

Shops:
D:2 :

Annotations:
D:3 Sigmund


Innate Abilities, Weirdness & Mutations

You have a pair of small horns on your head.
Your movements are slightly less encumbered by armour. (ER -2)
Spells you cast may paralyse adjacent enemies.


Message History

The gnoll hits you from afar with a +0 scythe!
There is a stone staircase leading up, spattered with blood here.
The gnoll hits you with a +0 scythe!
* * * LOW HITPOINT WARNING * * *
The gnoll barely misses you.
You barely miss the gnoll. You punch the gnoll.
The gnoll hits you with a +0 scythe.
* * * LOW HITPOINT WARNING * * *
The gnoll hits you from afar with a +0 scythe.
* * * LOW HITPOINT WARNING * * *
The gnoll misses you.
There is a stone staircase leading up, spattered with blood here.
The gnoll hits you from afar with a +0 scythe.
* * * LOW HITPOINT WARNING * * *
You climb upwards.
Level annotation: Sigmund
There is a stone staircase leading down here.
There is a stone staircase leading down here.
You start resting.
You climb downwards.
There is a stone staircase leading up here.
The helpless endoplasm fails to defend itself.
You hit the endoplasm. You headbutt the endoplasm.
You kill the endoplasm!
No target in view!
An orc wizard and an orc priest come into view.
The orc wizard shouts!
You hear a shout! x3
An orc priest comes into view. It is wielding a +0 club.
An orc priest comes into view.
It is wielding a +0 flail of protection.
The orc priest miscasts a cantrip.
The orc priest mumbles some strange prayers to Beogh against you.
Beogh smites you! The orc priest barely misses you.
You hit the orc priest but do no damage.
The orc priest closely misses you.
You closely miss the orc priest. The orc priest closely misses you.
The orc priest shouts!
You hit the orc priest. Your headbutt misses the orc priest.
The orc priest invokes the aid of Beogh against you.
Beogh smites you!
* * * LOW HITPOINT WARNING * * *
The orc wizard gestures wildly while chanting.
The orc wizard flickers and vanishes!
Deactivating autopickup; reactivate with Ctrl-A.
The orc priest mumbles some strange prayers to Beogh against you.
Beogh smites you!
* * * LOW HITPOINT WARNING * * *
The orc priest mumbles some strange prayers to Beogh against you.
Pain shoots through your body!
You die...

#o# #.#
#########.#
#.o.o..o..#
#.#########
#o####### ###
#.#......
#...#####.....#
#....<@...#.#
##....#..##
##.....##
##...## # ##.##
#. #+# #.# #.
..# #.. ..##
#... .#


You could see 2 orc priests.

Vanquished Creatures
  A lemure (D:4)
  A scorpion (D:3)
  5 adders
  A dart slug (D:2)
  3 orcs (D:3)
  6 ball pythons
  6 endoplasms
  6 goblins (D:1)
  12 hobgoblins
  5 jackals
  6 quokkas
  4 bats
  3 frilled lizards (D:1)
  A kobold (D:3)
  6 rats
66 creatures vanquished.

Notes
Turn   | Place    | Note
-------+----------+-------------------------------------------
     0 | D:1      | GeoRichter the Demonspawn Monk began the quest for the Orb.
     0 | D:1      | Reached XP level 1. HP: 18/18 MP: 1/1
   139 | D:1      | Reached skill level 3 in Long Blades
   219 | D:1      | Gained mutation: Spells you cast may paralyse adjacent
                  | enemies. [demonic ancestry]
   219 | D:1      | Reached XP level 2. HP: 21/24 MP: 2/2
   430 | D:1      | Found a faded altar of an unknown god.
   994 | D:1      | Gained mutation: Your movements are slightly less
                  | encumbered by armour. (ER -2) [demonic ancestry]
   994 | D:1      | Reached XP level 3. HP: 14/29 MP: 3/3
  1333 | D:1      | Reached skill level 4 in Long Blades
  2312 | D:2      | Found Icunuom's Book Boutique.
  2371 | D:2      | Gained mutation: You have a pair of small horns on your
                  | head. [demonic ancestry]
  2371 | D:2      | Reached XP level 4. HP: 35/35 MP: 4/4
  2968 | D:3      | Noticed Sigmund
  2968 | D:3      | Noticed a scorpion
  2997 | D:3      | Killed a scorpion
  2998 | D:3      | Reached skill level 5 in Long Blades
  2998 | D:3      | Reached XP level 5. HP: 33/41 MP: 5/5
  3578 | D:4      | Noticed a lemure
  3578 | D:4      | Noticed a lemure
  3604 | D:4      | Killed a lemure
  4111 | D:4      | Killed from afar by an orc priest

Illustrated notes

Levels and vault maps discovered:
D:1:      dpeg_arrival_brainrot, layout_rooms,
          dilly_ecumenical_altar_fadedgnrine, minmay_domino_4
D:2:      layout_basic, serial_shops, shop, kennysheep_generic_room_10
D:3:      layout_loops_corners, hex_large, minmay_misc_feat_enclosed,
          minmay_misc_feat_four_crosses, chequers_garden,
          minmay_misc_feat_square, uniq_sigmund
D:4:      layout_loops_ring, grunt_decor_arrowhead, sigmund_army, uniq_pikel,
          uniq_ijyb

Skill      XL: |  1  2  3  4 |
---------------+-------------+-----
Long Blades    | 3 4 5 |  5.5
Fighting       | |  3.0
Dodging        | |  2.6
Stealth        | |  1.7

Action                   |  1- 3 |  4- 6 || total
-------------------------+-------+-------++-------
Melee: Falchion          |   142 |    65 ||   207
       Headbutt          |       |     9 ||     9
       Punch             |       |     1 ||     1
Throw: Dart              |       |     6 ||     6
 Stab: Sleeping          |     2 |     4 ||     6
       Distracted        |     1 |       ||     1
Armor: Robe              |    11 |       ||    11
       Ring mail         |    32 |    18 ||    50
Dodge: Dodged            |   101 |    27 ||   128
